 Dungeon Crawl Stone Soup version 0.26-a0-1021-gda264ca44c (webtiles) character file.

Game seed: 13370840299693951518

4771 lunkers the Geomancer (level 10, -17/65 HPs)
             Began as an Octopode Earth Elementalist on Dec 8, 2020.
             Was a Believer of Ashenzari.
             Hit by a large rock thrown by a cyclops (35 damage)
             ... on level 9 of the Dungeon.
             The game lasted 00:15:00 (12148 turns).

lunkers the Geomancer (OpEE)                       Turns: 12148, Time: 00:15:00

Health: -17/65     AC:  1    Str:  7    XL:     10   Next: 47%
Magic:  10/22      EV: 13    Int: 22    God:    Ashenzari [**....]
Gold:   359        SH:  0    Dex: 12    Spells: 14/25 levels left

rFire    . . .     SeeInvis .   j - +1 hand axe (protect) (curse)
rCold    . . .     Faith    .   (no shield)
rNeg     . . .     Spirit   .   (helmet restricted)
rPois    .         Reflect  .   h - amulet of the acrobat
rElec    .         Harm     .   D - ring of willpower (curse)
rCorr    .         Rampage  .   (no ring)
Will     +....                  (no ring)
Stlth    ++++......             (no ring)
HPRegen  0.20/turn              (no ring)
MPRegen  0.18/turn              (no ring)
                                (no ring)
                                (no ring)

@: no status effects
A: almost no armour, stealthy swim, amphibious, 8 rings, constrict 8, camouflage
1, gelatinous body 1
a: Curse Item, Scrying, Renounce Religion


You were on level 9 of the Dungeon.
You worshipped Ashenzari.
Ashenzari was pleased with you.
You visited 1 branch of the dungeon, and saw 9 of its levels.

You collected 384 gold pieces.
You spent 25 gold pieces at shops.

Inventory:

Hand Weapons
 j - a cursed +1 hand axe of protection (weapon)
Missiles
 b - 104 stones (quivered)
Magical Staves
 q - an uncursed staff of death
Jewellery
 h - an amulet of the acrobat (around mantle)
 k - an uncursed ring of ice
 A - an uncursed ring of ice
 D - a cursed ring of willpower (left tentacle)
Wands
 o - a wand of random effects (20)
 r - a wand of paralysis (13)
 v - a wand of digging (4)
 y - a wand of polymorph (11)
 C - a wand of disintegration (14)
Scrolls
 c - 3 scrolls of remove curse
 d - a scroll of teleportation
 e - 2 scrolls of fog
 l - 2 scrolls of blinking {unknown}
 B - a scroll of amnesia {unknown}
Potions
 a - 2 potions of brilliance
 f - a potion of invisibility
 i - 8 potions of curing
 m - 3 potions of lignification
 n - 3 potions of berserk rage
 p - a potion of mutation
 s - a potion of might
 t - 2 potions of heal wounds
 u - a potion of magic
 x - a potion of ambrosia
 z - a potion of haste {unknown}
 E - a potion of attraction {unknown}


   Skills:
 + Level 4.5 Fighting
 - Level 2.0 Dodging
 - Level 7.0 Stealth
 - Level 8.0 Spellcasting
 - Level 1.0 Conjurations
 - Level 1.0 Transmutations
 - Level 11.0 Earth Magic


You had 14 spell levels left.
You knew the following spells:

 Your Spells              Type           Power        Failure   Level
a - Stone Arrow           Conj/Erth      #####.       1%          3
b - Passwall              Tmut/Erth      #####...     1%          2
c - Sandblast             Erth           ######       1%          1
d - Lee's Rapid Deconstr  Erth           ######....   2%          5

Your spell library contained the following spells:

 Spells                   Type           Power        Failure   Level
 Petrify                  Tmut/Erth      #####...     6%          4
 Corona                   Hex            #......      8%          1
 Ensorcelled Hibernation  Hex/Ice        #.....       11%         2
 Dazzling Flash           Conj/Hex       ##....       19%         3
 Confusing Touch          Hex            #.......     22%         3
 Gell's Gravitas          Tloc           #.........   22%         3
 Tukima's Dance           Hex            #.......     22%         3
 Yara's Violent Unravell  Hex/Tmut       ##........   86%         5
 Metabolic Englaciation   Hex/Ice        #.........   90%         5


Dungeon Overview and Level Annotations

Branches:
Dungeon (9/15)             Temple (0/1) D:6            Lair (0/6) D:9
    Orc: D:9-12

Altars:
Ashenzari
Cheibriados
Kikubaaqudgha
Makhleb
Okawaru
Qazlal
Ru
Trog
Uskayaw
Wu Jian
Xom
Yredelemnul
Zin

Shops:
D:6 :*[[   D:8 *


Innate Abilities, Weirdness & Mutations

You cannot wear most types of armour.
You are very stealthy in the water. (Stealth+)
You are amphibious.
You can wear up to eight rings at the same time.
You can use your tentacles to constrict eight enemies at once.
Your skin changes colour to match your surroundings (Stealth+).
Your rubbery body absorbs attacks. (AC +1, EV +1)


Message History

Casting: Stone Arrow (safe; 1% risk of failure)
Confirm with . or Enter, or press ? or * to list all spells.
Aiming: Stone Arrow (safe; 1% risk of failure)
Press: ? - help, Shift-Dir - straight line, f/p - cyclops
Aim: a cyclops, quivering 3 large rocks (moderately wounded, 2% to evade)
The stone arrow hits the cyclops.
The cyclops is heavily wounded.
The cyclops throws a large rock.
The large rock misses you.
Unknown command.
Unknown command.
Casting: Stone Arrow (safe; 1% risk of failure)
Confirm with . or Enter, or press ? or * to list all spells.
Aiming: Stone Arrow (safe; 1% risk of failure)
Press: ? - help, Shift-Dir - straight line, f/p - cyclops
Aim: a cyclops, quivering 2 large rocks (heavily wounded, 2% to evade)
The stone arrow hits the cyclops!
The cyclops is almost dead.
The cyclops throws a large rock.
The large rock hits you!!
Ouch! That really hurt!
You die...

..#..#..#..#, *
'#.........####. .....#.....#
,, ,#..............
.....#.....# #........######
###################.######.>#
.)..................#...#####
, ..............)..)..#.#.#
###################.#.#.# *
.....#.....#....(.#.#.#.#
.....#.....#....@.#.#.#.# ,
..#..#..#..#..###'#.#.#.#
..#..#..#..#..#, /#.#.#.#
..#.....#.....#{ C#.#.#.#
..#.....#.....# /#.#.#.#
############### *##.#<#.# ,
#.###.# * #.....# #.#####


You could see a cyclops.

Vanquished Creatures
  An ugly thing (D:9)
  Psyche (D:8)
  Maurice (D:9)
  Grinder (D:3)
  A water moccasin (D:9)
  2 orc warriors
  3 sky beasts
  An ice beast (D:6)
  A black bear (D:7)
  A necrophage (D:7)
  3 centaurs
  10 ogres
  A big kobold (D:7)
  5 bullfrogs
  A wyvern zombie (D:6)
  2 scorpions
  A water moccasin zombie (D:5)
  A water moccasin skeleton (D:9)
  A wight (D:9)
  A crimson imp (D:8)
  A bullfrog zombie (D:6)
  A bullfrog skeleton (D:8)
  5 orc priests
  2 centaur skeletons
  2 jellies
  4 orc wizards
  Terence (D:3)
  3 iguanas
  4 worker ants
  A howler monkey zombie (D:7)
  8 gnolls
  A howler monkey skeleton (D:6)
  7 adders
  4 shadow imps
  A white imp (D:9)
  An ufetubus (D:9)
  An ooze (D:4)
  2 adder skeletons
  An adder zombie (D:9)
  5 worms
  2 dart slugs
  7 leopard geckos
  26 orcs
  4 giant cockroaches
  7 goblins
  6 hobgoblins
  13 jackals
  11 kobolds
  8 quokkas
  7 bats
  9 frilled lizards
  2 quokka skeletons
  5 rats
201 creatures vanquished.

Notes
Turn   | Place    | Note
-------+----------+-------------------------------------------
     0 | D:1      | lunkers the Octopode Earth Elementalist began the quest for
                  | the Orb.
     0 | D:1      | Reached XP level 1. HP: 11/11 MP: 3/3
    86 | D:1      | Reached XP level 2. HP: 17/17 MP: 0/5
   578 | D:1      | Reached XP level 3. HP: 21/21 MP: 2/6
   929 | D:2      | Reached skill level 4 in Earth Magic
  1058 | D:2      | Found an ancient bone altar of Kikubaaqudgha.
  1070 | D:2      | Noticed an ogre
  1075 | D:2      | Killed an ogre
  1076 | D:2      | Reached XP level 4. HP: 26/27 MP: 2/8
  1076 | D:2      | Reached XP level 5. HP: 30/31 MP: 2/9
  1106 | D:2      | Reached skill level 5 in Earth Magic
  1548 | D:2      | Found a faded altar of an unknown god.
  1548 | D:2      | Found a bloodstained altar of Trog.
  1559 | D:2      | Found an iron altar of Okawaru.
  1561 | D:2      | Found a hide-covered altar of Uskayaw.
  1562 | D:2      | Found a basalt altar of Yredelemnul.
  1852 | D:3      | Learned a level 2 spell: Passwall
  1856 | D:3      | Learned a level 3 spell: Stone Arrow
  2045 | D:3      | Noticed Terence
  2309 | D:3      | Killed Terence
  2310 | D:3      | Reached XP level 6. HP: 32/36 MP: 7/11
  2351 | D:3      | Noticed Grinder
  2356 | D:3      | Killed Grinder
  2357 | D:3      | Reached skill level 1 in Conjurations
  2357 | D:3      | Reached skill level 6 in Earth Magic
  3087 | D:4      | Found a broken altar of Ashenzari.
  3133 | D:4      | Became a worshipper of Ashenzari the Shackled
  3138 | D:4      | Reached XP level 7. HP: 41/41 MP: 9/13
  3301 | D:5      | Entered Level 5 of the Dungeon
  3368 | D:5      | Reached skill level 7 in Earth Magic
  4309 | D:5      | Reached skill level 5 in Spellcasting
  4673 | D:4      | Reached XP level 8. HP: 46/46 MP: 5/15
  4972 | D:4      | Reached * piety under Ashenzari
  4996 | D:4      | Reached skill level 8 in Earth Magic
  5030 | D:4      | Found a glowing silver altar of Zin.
  5368 | D:4      | Found a sacrificial altar of Ru.
  5686 | D:6      | Found Vacuypuc's Antique Armour Boutique.
  6232 | D:6      | Found Hety's Armour Shop.
  6256 | D:6      | Found a snail-covered altar of Cheibriados.
  6501 | D:6      | Found a staircase to the Ecumenical Temple.
  6657 | D:6      | Reached skill level 9 in Earth Magic
  6731 | D:6      | Found Merouw's Book Shoppe.
  6927 | D:6      | Found Kaurchiaf's General Store.
  7309 | D:7      | Reached XP level 9. HP: 51/51 MP: 5/18
  7787 | D:7      | Reached skill level 10 in Earth Magic
  8084 | D:7      | Found an ornate altar of the Wu Jian Council.
  8130 | D:7      | Learned a level 5 spell: Lee's Rapid Deconstruction
  8342 | D:7      | Reached ** piety under Ashenzari
  8845 | D:8      | Reached skill level 1 in Fighting
 10026 | D:8      | Found Bangump's Assorted Antiques.
 10042 | D:8      | Noticed Psyche
 10065 | D:8      | Bought a fizzy green potion for 25 gold pieces
 10207 | D:8      | Killed Psyche
 10208 | D:8      | Reached skill level 5 in Stealth
 10290 | D:8      | Found a stormy altar of Qazlal.
 10343 | D:8      | Found a burning altar of Makhleb.
 10343 | D:8      | Found a shimmering altar of Xom.
 10346 | D:8      | Reached XP level 10. HP: 62/62 MP: 13/20
 10612 | D:9      | Found a staircase to the Lair.
 10721 | D:9      | Noticed Maurice
 10731 | D:9      | Killed Maurice
 10732 | D:9      | Reached skill level 11 in Earth Magic
 10930 | D:9      | Noticed a purple ugly thing
 10934 | D:9      | Killed a purple ugly thing
 12144 | D:9      | Noticed a cyclops
 12148 | D:9      | Hit by a large rock thrown by a cyclops

Illustrated notes

Levels and vault maps discovered:
D:1:      minmay_arrival_five_plusses, layout_rooms
D:2:      layout_loops_ring, nicolae_overflow_hidden_temple,
          chequers_temple_overflow_minitemple
D:3:      layout_basic, uniq_grinder, uniq_terence
D:4:      layout_basic, overflow_temple_1_default, kennysheep_mini,
          nicolae_ru_path_of_blood, serial_corexii_hall, corexii_hall_statues_t,
          corexii_hall_statues_t
D:5:      layout_cave_pods, wad_floor_pattern_untrapped, bh_walls_and_bars
D:6:      layout_loops_ring, old_standard_altar,
          minmay_temple_entry_glassed_door, serial_shops, shop,
          kennysheep_little_box, shop, shop_fountains
D:7:      layout_cave_pods, overflow_temple_1_default
D:8:      layout_rooms, grunt_temple_overflow_champion_of_chaos,
          grunt_qazlal_clouds, serial_shops, kennysheep_mini_moat,
          minmay_fractal_squares_diagonal_5, uniq_psyche
D:9:      kennysheep_windowed_halls, layout_basic, lair_entry_dummy,
          uniq_maurice

Skill      XL: |  1  2  3  4  5  6  7  8  9 10 |
---------------+-------------------------------+-----
Earth Magic    | 4 5 6 7 9 10 11 | 11.0
Spellcasting   | 3 4 5 6 7 8 |  8.0
Conjurations   | 1 |  1.0
Stealth        | 5 7 |  7.0
Fighting       | 2 4 |  4.5
Dodging        | |  2.0
Transmutations | |  1.0

Action                   |  1- 3 |  4- 6 |  7- 9 | 10-12 || total
-------------------------+-------+-------+-------+-------++-------
Melee: Hand axe          |       |    12 |    24 |    23 ||    59
       Unarmed           |       |     4 |       |       ||     4
       Constrict         |       |     3 |     6 |     4 ||    13
       Tentacles         |       |     3 |     4 |     2 ||     9
 Cast: Sandblast         |    47 |    31 |    16 |     1 ||    95
       Stone Arrow       |       |    20 |   170 |    60 ||   250
Invok: Curse Item        |       |       |       |     1 ||     1
  Use: Scroll            |       |       |    17 |     2 ||    19
Armor: Skin              |       |       |     2 |     6 ||     8
Dodge: Dodged            |    11 |    15 |    44 |    26 ||    96

Table legend: (Time is in decaauts)
 A = Elapsed time spent in this place.
 B = Non-inter-level travel time spent in this place.
 C = Inter-level travel time spent in this place.
 D = Time resting spent in this place.
 E = Time spent auto-exploring this place.
 F = Levels seen in this place.
 G = Mean time per level.
                   A        B        C        D        E       F      G
               +--------+--------+--------+--------+--------+-----+--------+
         Total |  12167 |  11966 |    201 |    948 |   9628 |   9 | 1351.9 |
       Dungeon |  12167 |  11966 |    201 |    948 |   9628 |   9 | 1351.9 |
               +--------+--------+--------+--------+--------+-----+--------+

Top non-repeatable levels by time:
     D:8: 1880 daAuts
     D:7: 1607 daAuts
     D:6: 1561 daAuts
     D:9: 1486 daAuts
     D:3: 1447 daAuts
     D:5: 1316 daAuts
     D:4: 1159 daAuts
     D:2: 1024 daAuts
     D:1: 683 daAuts
